 Dungeon Crawl Stone Soup version 0.18-a0-1-gfac8111 (webtiles) character file.

23271 WhatIsLove the Maledictor (level 12, -4/76 HPs)
             Began as a Vampire Enchanter on Oct 30, 2015.
             Was a High Priest of Kikubaaqudgha.
             Slain by Hetiac the merfolk impaler
             ... wielding a +0 trident of flaming
             ... created by the player character
              (20 damage)
             ... on level 2 of the Lair of Beasts.
             The game lasted 01:37:05 (16461 turns).

WhatIsLove the Maledictor (Vampire Enchanter)      Turns: 16461, Time: 01:37:06

Health: -4/76      AC: 12    Str:  7    XL:     12   Next: 70%
Magic:  2/24       EV: 14    Int: 25    God:    Kikubaaqudgha [*****.]
Gold:   150        SH:  0    Dex: 21    Spells: 6 memorised, 1 level left

rFire  . . .     SeeInvis +     D - +2 dagger (drain)
rCold  + + .     Clarity  .     Q - +3 leather armour
rNeg   + + +     SustAt   .     (no shield)
rPois  +         Gourm    .     z - +1 helmet
rElec  .         Spirit   .     g - +0 cloak
rCorr  .         Warding  .     t - +1 pair of gloves {archery}
rMut   +         Stasis   .     f - +0 pair of boots
MR     +....                    j - amulet "Notein" {rMut Slay+4}
Stlth  +++++++...               E - +3 ring of dexterity
                                L - +6 ring of intelligence

@: very slightly contaminated, regenerating slowly, invisible, somewhat
resistant to hostile enchantments, extremely stealthy
A: fangs 3, see invisible, unbreathing
a: Bat Form, Receive Corpses, Torment, Renounce Religion


You were on level 2 of the Lair of Beasts.
You worshipped Kikubaaqudgha.
Kikubaaqudgha was extremely pleased with you.
You were near bloodless.

You visited 4 branches of the dungeon, and saw 18 of its levels.

You collected 1909 gold pieces.
You spent 1473 gold pieces at shops.

Inventory:

Hand Weapons
 l - a +1 dagger of venom
 v - a +2 rapier of freezing
 D - a +2 dagger of draining (weapon)
 I - a +2 scimitar of flaming
Missiles
 C - 26 poisoned needles
Armour
 f - a +0 pair of boots (worn)
 g - a +0 cloak (worn)
 t - a +1 pair of gloves of archery (worn)
 z - a +1 helmet (worn)
 Q - a +3 leather armour (worn)
Jewellery
 i - an uncursed ring of stealth
 j - the amulet "Notein" (around neck) {rMut Slay+4}
   (You bought it in a shop on level 4 of the Orcish Mines)

   [amulet of resist mutation]

   It protects you from mutation.
   It affects your accuracy and damage with ranged weapons and melee attacks
   (+4).
 E - a +3 ring of dexterity (right hand)
 L - a +6 ring of intelligence (left hand)
Wands
 a - a wand of paralysis (7)
 b - a wand of draining (3)
 u - a wand of disintegration (15)
 F - a wand of disintegration (13)
 T - a wand of random effects (8)
Scrolls
 c - a scroll of enchant weapon
 n - 6 scrolls of recharging
 p - a scroll of fog {unknown}
 q - 3 scrolls of immolation
 s - 2 scrolls of remove curse
 w - 3 scrolls of magic mapping
 M - a scroll of blinking
 P - 5 scrolls of teleportation
Potions
 d - 30 potions of blood
 e - a potion of berserk rage {unknown}
 h - 3 potions of mutation {unknown}
 k - 2 potions of agility
 m - 3 potions of cure mutation
 o - 3 potions of might
 r - 4 potions of flight
 x - a potion of magic
 J - 3 potions of cancellation
 O - a potion of haste
 V - 3 potions of curing
 W - 2 potions of brilliance
 Y - a potion of resistance {unknown}
Miscellaneous
 S - a box of beasts


   Skills:
 - Level 1.1 Fighting
 - Level 3.7 Short Blades
 - Level 1.4 Armour
 - Level 3.8 Dodging
 - Level 13.7 Stealth
 - Level 8.2 Spellcasting
 + Level 21.7 Hexes


You had one spell level left.
You knew the following spells:

 Your Spells              Type           Power        Failure   Level  Hunger
a - Discord               Hex            #######...   10%         8    #######
b - Cause Fear            Hex            #######...   0%          4    ##.....
c - Confuse               Hex            #######.     0%          3    None
d - Tukima's Dance        Hex            #######.     0%          3    None
e - Ensorcelled Hibernat  Hex/Ice        ######       1%          2    None
f - Invisibility          Hex            #######.     1%          6    ######.


Dungeon Overview and Level Annotations

Branches:
Dungeon (11/15)            Temple (1/1) D:7            Lair (2/8) D:9
    Orc (4/4) D:10            Elf (0/3) Orc:3

Altars:
Ashenzari
Cheibriados
Dithmenos
Elyvilon
Fedhas
Gozag
Kikubaaqudgha
Makhleb
Nemelex Xobeh
Okawaru
Qazlal
Ru
Sif Muna
Trog
Vehumet
Xom
Yredelemnul
Zin
The Shining One

Shops:
Orc:1 [   Orc:2 *   Orc:4 :}[=!


Innate Abilities, Weirdness & Mutations

You heal slowly.
You have razor-sharp teeth.
You have supernaturally acute eyesight.
You can survive without breathing.


Message History

Unknown command.
Casting: Discord
Confirm with . or Enter, or press ? or * to list all spells.
Aiming: Invisibility
Press: ? - help, Shift-Dir - straight line, f - you You fade into invisibility!
* * * LOW MAGIC WARNING * * *
Hetiac hits you with a trident of flaming!!
* * * LOW HITPOINT WARNING * * *
Hetiac burns you.
* * * LOW HITPOINT WARNING * * *
The river rat misses the river rat.
The river rat bites the river rat!
The river rat dies!
Kikubaaqudgha accepts your kill.
The river rat bites the river rat!
The river rat dies!
Kikubaaqudgha accepts your kill.
Hetiac hits you with a trident of flaming!!
You die...
Kikubaaqudgha rasps: "You have failed me!
Welcome... oblivion!"

## ## ######
##.##P#######P##.##
.................P#
..............:.##
#P....#..#..#..#
##..P###.#.#...##
#..........%....##
##..#.......+..#.#
##...#.....##Vm..#
#...##.....##..###
#P..P#......#.†.#
##..##..#####r†##
####....#.... P...
..##......... .r..P#
.............r.r....
.............r....#P#
..................###


You could see a river rat, the neutral Hetiac the merfolk impaler (insane) and 2
neutral river rats.

Vanquished Creatures
  Gastronok (D:8)
  Azrael (Orc:4)
  An ogre mage (Orc:4)
  A dancing weapon (Orc:4)
  Nergalle (Orc:3)
  An unseen horror (D:9)
  An orc sorcerer (Orc:2)
  Maurice (D:8)
  2 trolls
  The ghost of Ijustatesigmund the Covert, a novice OpWz of Vehumet (D:6)
  The ghost of tp1 the Magician, a novice DEWz of Vehumet (D:5)
  2 two-headed ogres
  The ghost of Duffy the Slasher, an amateur FoBe of Trog (D:4)
  Sigmund (D:5)
  10 yaks
  A wolf (Lair:1)
  A hippogriff (D:7)
  A hungry ghost (D:9)
  2 soldier ants
  4 water moccasins
  3 hell hounds
  7 orc warriors
  4 phantoms
  A wasp (D:8)
  An ice beast (D:8)
  7 ogres
  3 sky beasts
  A crocodile (Lair:1)
  5 giant frogs
  2 centaurs
  Dowan (D:7)
  8 scorpions
  8 killer bees
  16 orc priests
  2 centaur zombies
  A jelly (D:5)
  5 crimson imps
  2 hounds
  A centaur skeleton (D:5)
  2 giant frog zombies (D:5)
  18 orc wizards
  A killer bee zombie (D:6)
  5 worker ants
  3 iguanas
  4 hound skeletons
  2 worker ant zombies
  2 gnolls (D:4)
  11 adders
  7 river rats
  2 shadow imps (D:8)
  3 oozes
  3 adder skeletons
  An adder zombie (D:6)
  3 worms
  100 orcs
  7 giant cockroaches
  9 goblins
  11 hobgoblins
  10 jackals
  5 kobolds
  3 quokkas
  A ball python (D:2)
  A ball python skeleton (D:5)
  21 bats
  6 giant geckos
  A giant gecko zombie (D:7)
  4 giant newts
  A quokka zombie (D:5)
  15 rats
  A butterfly (D:7)
  A fungus (D:1)
377 creatures vanquished.

Vanquished Creatures (collateral kills)
  A stone giant (Orc:4)
  3 ogre magi (Orc:4)
  2 skeletal warriors (D:11)
  2 orc knights
  2 hill giants (D:10)
  Joseph (D:7)
  A spiny frog (Lair:1)
  12 two-headed ogres (Orc:4)
  3 trolls
  A deep elf fighter (D:9)
  4 yaks (Lair:1)
  A fire elemental (Orc:4)
  A warg (Orc:2)
  11 wolves (Lair:1)
  Duvessa (D:7)
  19 orc warriors
  2 porcupines (Lair:1)
  21 ogres
  2 crocodiles (Lair:1)
  A big kobold (D:9)
  3 giant frogs (Lair:1)
  2 killer bees (D:7)
  Crazy Yiuf (D:7)
  11 orc priests
  17 orc wizards
  6 river rats
  2 gnolls (D:4)
  107 orcs
  A goblin (D:3)
  A jackal zombie (D:5)
  2 kobolds
244 creatures vanquished.

Vanquished Creatures (others)
  3 dancing weapons
  An orc warrior (Orc:4)
  2 killer bees (D:7)
  An orc wizard (D:7)
  12 orcs
  5 fungi
24 creatures vanquished.

Grand Total: 645 creatures vanquished

Notes
Turn   | Place    | Note
--------------------------------------------------------------
     0 | D:1      | WhatIsLove the Vampire Enchanter began the quest for the Orb.
     0 | D:1      | Reached XP level 1. HP: 13/13 MP: 3/3
    93 | D:1      | Reached XP level 2. HP: 19/19 MP: 5/5
   100 | D:1      | Learned a level 2 spell: Ensorcelled Hibernation
  1047 | D:2      | Reached XP level 3. HP: 24/24 MP: 4/7
  1279 | D:2      | Learned a level 3 spell: Tukima's Dance
  1314 | D:2      | Reached skill level 5 in Hexes
  2068 | D:2      | Reached XP level 4. HP: 30/30 MP: 9/9
  2076 | D:2      | Learned a level 3 spell: Confuse
  2614 | D:3      | You fall through a shaft for 2 floors!
  2614 | D:5      | Entered Level 5 of the Dungeon
  2657 | D:4      | Reached skill level 6 in Hexes
  2665 | D:4      | Reached XP level 5. HP: 15/35 MP: 2/10
  3119 | D:4      | Found a shimmering altar of Xom.
  3120 | D:4      | Noticed Duffy's ghost (amateur FoBe)
  3198 | D:3      | Reached skill level 7 in Hexes
  3537 | D:4      | Killed Duffy's ghost
  3537 | D:4      | Reached skill level 5 in Stealth
  3537 | D:4      | Reached skill level 8 in Hexes
  3537 | D:4      | Reached XP level 6. HP: 35/41 MP: 10/12
  3936 | D:4      | Identified the Handbook of Warped Boosts
  3942 | D:4      | Learned a level 4 spell: Cause Fear
  3955 | D:5      | Noticed a phantom
  4004 | D:5      | Killed a phantom
  4004 | D:5      | Reached XP level 7. HP: 46/46 MP: 4/13
  4043 | D:5      | Noticed an ogre
  4053 | D:5      | Killed an ogre
  4053 | D:5      | Reached skill level 9 in Hexes
  4104 | D:5      | Noticed a sky beast
  4107 | D:5      | Killed a sky beast
  4145 | D:5      | Reached skill level 5 in Spellcasting
  4188 | D:5      | Noticed tp1's ghost (novice DEWz)
  4197 | D:5      | Killed tp1's ghost
  4197 | D:5      | Reached skill level 10 in Hexes
  4197 | D:5      | Reached XP level 8. HP: 35/52 MP: 4/15
  4586 | D:5      | Reached skill level 11 in Hexes
  4993 | D:5      | Noticed Sigmund
  4995 | D:5      | Killed Sigmund
  5588 | D:6      | Noticed Ijustatesigmund's ghost (novice OpWz)
  5598 | D:6      | Killed Ijustatesigmund's ghost
  5598 | D:6      | Reached skill level 12 in Hexes
  5598 | D:6      | Reached XP level 9. HP: 40/57 MP: 3/18
  5616 | D:6      | Learned a level 6 spell: Invisibility
  6252 | D:7      | Noticed Duvessa
  6253 | D:7      | Noticed Dowan
  6265 | D:7      | Killed Duvessa
  6266 | D:7      | Killed Dowan
  6266 | D:7      | Reached skill level 10 in Stealth
  6842 | D:7      | Reached skill level 13 in Hexes
  6865 | D:7      | Noticed Crazy Yiuf
  6872 | D:7      | Killed Crazy Yiuf
  6900 | D:7      | Found a staircase to the Ecumenical Temple.
  6969 | D:7      | Noticed Joseph
  6974 | D:7      | Killed Joseph
  7218 | D:8      | Noticed Gastronok
  7255 | D:8      | Killed Gastronok
  7255 | D:8      | Reached skill level 14 in Hexes
  7255 | D:8      | Reached XP level 10. HP: 61/63 MP: 14/21
  7357 | D:8      | Found Leza's Magic Scroll Emporium.
  7359 | D:8      | Bought a scroll of teleportation for 39 gold pieces
  7359 | D:8      | Bought a scroll of blinking for 97 gold pieces
  7359 | D:8      | Bought a scroll of identify for 26 gold pieces
  7360 | D:8      | Bought a scroll of identify for 26 gold pieces
  7360 | D:8      | Bought a scroll of identify for 26 gold pieces
  7360 | D:8      | Bought a scroll of noise for 13 gold pieces
  7364 | D:8      | Bought a scroll of magic mapping for 45 gold pieces
  7364 | D:8      | Bought a scroll of enchant armour for 97 gold pieces
  7364 | D:8      | Bought a scroll of remove curse for 39 gold pieces
  7364 | D:8      | Bought a scroll of immolation for 45 gold pieces
  7364 | D:8      | Bought a scroll of amnesia for 45 gold pieces
  7611 | D:8      | Noticed Maurice
  7645 | D:8      | Killed Maurice
  7645 | D:8      | Reached skill level 15 in Hexes
  8678 | D:9      | Reached skill level 1 in Armour
  8833 | D:9      | Noticed an unseen horror
  8860 | D:9      | Killed an unseen horror
  8860 | D:9      | Reached skill level 1 in Fighting
  9208 | D:9      | Found a staircase to the Lair.
  9217 | D:9      | Reached XP level 11. HP: 51/70 MP: 20/23
  9348 | D:10     | Entered Level 10 of the Dungeon
  9348 | D:10     | Noticed a hill giant
  9354 | D:10     | Killed a hill giant
  9555 | D:10     | Noticed a hill giant
  9578 | D:10     | Killed a hill giant
  9578 | D:10     | Reached skill level 16 in Hexes
  9601 | D:10     | Found a blossoming altar of Fedhas.
  9710 | D:10     | Found a staircase to the Orcish Mines.
  9743 | Orc:1    | Entered Level 1 of the Orcish Mines
 10002 | Orc:1    | Found a radiant altar of Vehumet.
 10198 | Temple   | Entered the Ecumenical Temple
 10234 | Temple   | Became a worshipper of Kikubaaqudgha
 10734 | Orc:1    | Reached * piety under Kikubaaqudgha
 10734 | Orc:1    | Received a gift from Kikubaaqudgha
 10740 | Orc:1    | Identified Kikubaaqudgha's Grimoire of Black Rites (Kikubaaqudgha gifted it to you on level 1 of the Orcish Mines)
 10750 | Orc:1    | Learned a level 8 spell: Discord
 11092 | Orc:1    | Found Ezajaowk's Armour Emporium.
 11189 | Orc:2    | Found Gagogewn's General Store.
 11198 | Orc:2    | Reached ** piety under Kikubaaqudgha
 11202 | Orc:2    | Noticed Nergalle
 11220 | Orc:3    | Killed Nergalle
 11220 | Orc:3    | Reached skill level 17 in Hexes
 11452 | Orc:2    | Bought a scroll of identify for 26 gold pieces
 11454 | Orc:2    | Hired Hetiac the merfolk for 286 gold.
 11528 | Orc:2    | Reached *** piety under Kikubaaqudgha
 11528 | Orc:2    | Received a gift from Kikubaaqudgha
 11558 | Orc:2    | Identified Kikubaaqudgha's Incunabulum of Black Arts (Kikubaaqudgha gifted it to you on level 2 of the Orcish Mines)
 11865 | Orc:2    | You fall through a shaft for 2 floors!
 11865 | Orc:4    | Entered Level 4 of the Orcish Mines
 11865 | Orc:4    | Noticed Azrael
 11865 | Orc:4    | Noticed a stone giant
 11881 | Orc:3    | Reached **** piety under Kikubaaqudgha
 11881 | Orc:3    | Reached skill level 18 in Hexes
 11883 | Orc:3    | Found a staircase to the Elven Halls.
 12438 | Orc:3    | Reached ***** piety under Kikubaaqudgha
 13348 | Orc:4    | Killed Azrael
 13348 | Orc:4    | Reached skill level 19 in Hexes
 13348 | Orc:4    | Reached XP level 12. HP: 27/76 MP: 15/24
 13665 | Orc:4    | Found Peabb's Book Shoppe.
 13878 | Orc:4    | Noticed an ogre mage
 13878 | Orc:4    | Noticed an ogre mage
 13879 | Orc:4    | Noticed an ogre mage
 13881 | Orc:4    | Noticed an ogre mage
 13884 | Orc:4    | Killed a stone giant
 13890 | Orc:4    | Killed an ogre mage
 13896 | Orc:4    | Killed an ogre mage
 13896 | Orc:4    | Reached skill level 20 in Hexes
 14273 | Orc:4    | Killed an ogre mage
 14284 | Orc:4    | Reached ****** piety under Kikubaaqudgha
 14505 | Orc:4    | Found Vaytotreng's Jewellery Shoppe.
 14505 | Orc:4    | Found Tuyl Lachu's Gadget Shop.
 14506 | Orc:4    | Killed an ogre mage
 14507 | Orc:4    | Found Anlutite's Distillery.
 14507 | Orc:4    | Found Visuthraff's Armour Shoppe.
 14529 | Orc:4    | Bought the amulet "Notein" {rMut Slay+4} for 829 gold pieces
 14791 | Orc:4    | Bought a potion of curing for 45 gold pieces
 14791 | Orc:4    | Bought a potion of might for 60 gold pieces
 14791 | Orc:4    | Bought a potion of degeneration for 15 gold pieces
 14973 | D:11     | Reached skill level 21 in Hexes
 15115 | Lair:1   | Entered Level 1 of the Lair of Beasts
 16461 | Lair:2   | Slain by Hetiac the merfolk impaler

Vault maps used:
D:1:      minmay_arrival_nine_rooms, minmay_gold_behind_fungi
D:2:      serial_co_window_serial, co_window_corner_a, co_window_paths_a,
          co_window_of_opportunity_a, co_window_paths_b,
          co_window_of_opportunity_a, co_window_2corner, co_window_paths_c,
          co_window_corner_b, co_window_4corner_a, glass_columns_b,
          glass_columns_b, minivault_5, kennysheep_big_empty_room, st_stairs_5
D:4:      nicolae_overflow_crystal_walls
D:5:      old_forge, first_bread, uniq_sigmund
D:7:      minmay_temple_entry_butterflies, uniq_joseph, uniq_duvessa,
          uniq_crazy_yiuf_cottage
D:8:      serial_shops, nicolae_shop_trees, hangedman_pestilent_swarm,
          amalloy_card_club, uniq_gastronok, uniq_maurice
D:9:      grunt_lair_entry_elf_guard_hut
D:10:     hiddenorc1_lemuel, fedhas_bush_and_centaur_altar
D:11:     wad_cavern_with_rooms, uniq_harold
Temple:   grunt_circular_temple_18
Lair:2:   guppyfry_lair_drakes
Orc:1:    basic_altar, serial_shops, nicolae_shop_waterfront
Orc:2:    serial_shops, shop, uniq_nergalle
Orc:3:    nicolae_orc_pool_cavern
Orc:4:    st_orc_ogre_mass, serial_shops,
          nicolae_shop_temple_entry_statues_fountains, uniq_azrael

Action                   |  1- 3 |  4- 6 |  7- 9 | 10-12 || total
-------------------------+-------+-------+-------+-------++-------
Melee: Dagger            |   132 |   146 |   284 |   380 ||   942
       Rapier            |       |       |       |   320 ||   320
 Cast: Ensorcelled Hiber |    15 |     8 |    32 |    51 ||   106
       Confuse           |       |    15 |    39 |    97 ||   151
       Tukima's Dance    |       |     7 |    21 |    99 ||   127
       Invisibility      |       |       |       |     8 ||     8
       Cause Fear        |       |       |       |     2 ||     2
       Discord           |       |       |       |     1 ||     1
 Abil: End Transformatio |       |     1 |       |     2 ||     3
       Bat Form          |       |     1 |       |     2 ||     3
Evoke: Deck              |       |       |       |    10 ||    10
       Wand              |       |       |       |     3 ||     3
  Use: Scroll            |     5 |     3 |     4 |    12 ||    24
       Potion            |       |     4 |     7 |    16 ||    27
 Stab: Sleeping          |    22 |    14 |    31 |    67 ||   134
       Confused          |       |     7 |    22 |    43 ||    72
       Distracted        |       |       |     2 |    10 ||    12
       Invisible         |       |       |       |    43 ||    43
       Held in net/web   |       |       |       |     1 ||     1
